 Dungeon Sprint DCSS version 0.22-a0-358-g7563fe7 (webtiles) character file.

1603 KristoblXynda the Fencer (level 8, -4/54 HPs)
             Began as a Red Draconian Gladiator on Apr 18, 2018.
             Was a Follower of the Shining One.
             Killed by divine providence
             ... invoked by an orc high priest
              (15 damage)
             ... in the Dungeon (Sprint III: "The Ten Rune Challenge").
             The game lasted 00:06:20 (1335 turns).

KristoblXynda the Fencer (Red Draconian Gladiator)  Turns: 1335, Time: 00:06:21

Health: -4/54      AC:  7    Str: 16    XL:     8   Next: 62%
Magic:  8/8        EV: 20    Int:  9    God:    the Shining One [*.....]
Gold:   51         SH:  0    Dex: 17    Spells: 7/7 levels left

rFire    + . .     SeeInvis +   i - +2 long sword (holy)
rCold    . . .     Gourm    .   (no shield)
rNeg     . . .     Faith    .   (armour unavailable)
rPois    .         Spirit   .   b - +0 hat
rElec    +         Reflect  .   c - +0 cloak
rCorr    .         Harm     .   (no gloves)
MR       .....     NoTele   +   (no boots)
Stlth    +.........             (no amulet)
HPRegen  0.18/turn              (no ring)
MPRegen  0.11/turn              (no ring)

@: short of breath, glowing
A: breathe fire, unfitting armour, antennae 1, talons 1, see invisible, agile 1,
fire resistance 1, frail 1, electricity resistance, cold-blooded, AC +6
a: Breathe Fire, Renounce Religion


You were in the Dungeon.
You worshipped the Shining One.
The Shining One was aware of your devotion.
You were not hungry.

You visited 1 branch You collected 51 gold pieces.

Inventory:

Hand Weapons
 i - a +2 long sword of holy wrath (weapon)
Missiles
 k - a throwing net (quivered)
Armour
 b - a +0 hat (worn)
 c - a +0 cloak (worn)
Scrolls
 j - a scroll of blinking
 m - 2 scrolls of immolation
 n - 3 scrolls of identify
 p - 2 scrolls of remove curse
Potions
 e - 3 potions of curing
 f - a potion of heal wounds
 g - a potion of haste
 h - 2 potions of magic
 o - 4 potions of flight
Miscellaneous
 a - a phantom mirror
Comestibles
 d - 3 rations


   Skills:
 - Level 2.1 Fighting
 * Level 15.2 Long Blades
 - Level 2.4 Throwing
 + Level 10.7 Dodging


You had 7 spell levels left.
You didn't know any spells.

Dungeon Overview and Level Annotations

Branches:
Dungeon (1/1)

Altars:
Cheibriados
Dithmenos
Elyvilon
Fedhas
Gozag
Hepliaklqana
Kikubaaqudgha
Makhleb
Nemelex Xobeh
Okawaru
Qazlal
Ru
Sif Muna
Trog
Uskayaw
Vehumet
Wu Jian
Xom
Yredelemnul
Zin
The Shining One
Beogh
Jiyva
Lugonu

Shops:
D !


Innate Abilities, Weirdness & Mutations

You can breathe blasts of fire.
Your fiery red scales are hard. (AC +6)
You cannot fit into any form of body armour.
Your flesh is heat resistant. (rF+)
You are cold-blooded and may be slowed by cold attacks.
You have a pair of small antennae on your head.
You have sharp toenails.
You have supernaturally acute eyesight. (SInv)
You are agile. (Dex +2)
You are frail. (-10% HP)
You are resistant to electric shocks. (rElec)


Message History

* * * LOW HITPOINT WARNING * * *
Unknown command.
You feel much better.
The orc knight is engulfed in blazing flames.
The orc knight closely misses you.
You slash the orc knight!
You tail-slap the orc knight, but do no damage.
The orc knight is severely wounded.
Unknown command.
You slash the orc knight!
You claw the orc knight, but do no damage.
The orc knight is almost dead.
The orc knight is engulfed in blazing flames.
The orc knight hits you with a great sword!!
Ouch! That really hurt!
* * * LOW HITPOINT WARNING * * *
The orc high priest starts to sing a prayer.
The orc high priest calls down the wrath of Beogh upon you.
Beogh smites you!
You die...

▓▓▓▓▓▓▓▓ ▓▓▓ <..#...####
##.################
...#..†...#####..#___#___#__#$∩$
..##.......#..#..#.).#__)#._#oo.
##.##.##...#..#..###'#'###)##oo
##.##.###..##'#.@#..........#o4 {
#.####.##[.###..oo.3........#{##
.###..##..####...#...######'#{o#
#.....##..###....#.⌠.#__#...#)###
###..##...##.....#...#__#...#{.§§
##†.##...)#......#)###__#...#.#§§
#..###..##.#.....#...#__#...o.#§§
#..# #..#####....#___#__'...#.#
▓▓▓▓ ▓▓▓▓ ▓▓▓▓▓▓▓▓▓▓▓▓▓▓▓▓▓▓▓


You could see an orc knight, a soul eater and an orc high priest.

Vanquished Creatures
  A deep elf mage (D)
  An orc sorcerer (D)
  A shadow (D)
  A spatial vortex (D)
  A necrophage (D)
  A water elemental (D)
  A jelly (D)
  Crazy Yiuf (D)
  Jessica (D)
  A wizard (D)
  A necromancer (D)
  3 humans (D)
  A kobold demonologist (D)
  An ooze (D)
  An orc (D)
  2 rats (D)
19 creatures vanquished.

Vanquished Creatures (others)
  2 draconian scorchers (D)
  6 hellions (D)
  A yaktaur (D)
9 creatures vanquished.

Grand Total: 28 creatures vanquished

Notes
Turn   | Place    | Note
-------+----------+-------------------------------------------
     0 | D        | KristoblXynda the Draconian Gladiator began the quest for the Orb.
     0 | D        | Reached XP level 1. HP: 17/17 MP: 1/1
    92 | D        | Killed a yaktaur
    96 | D        | Noticed Jessica
   100 | D        | Killed Jessica
   100 | D        | Reached skill level 5 in Long Blades
   100 | D        | Reached XP level 2. HP: 18/24 MP: 2/2
   100 | D        | Reached XP level 3. HP: 22/29 MP: 3/3
   103 | D        | Killed a hellion
   104 | D        | Killed a hellion
   104 | D        | Killed a hellion
   104 | D        | Killed a hellion
   128 | D        | Killed a hellion
   141 | D        | Killed a white draconian scorcher
   168 | D        | Killed a white draconian scorcher
   196 | D        | Reached skill level 6 in Long Blades
   210 | D        | Killed a hellion
   395 | D        | Noticed Crazy Yiuf
   406 | D        | Killed Crazy Yiuf
   406 | D        | Reached skill level 7 in Long Blades
   406 | D        | Reached skill level 5 in Dodging
   406 | D        | Reached XP level 4. HP: 26/36 MP: 4/4
   471 | D        | Gained mutation: You have a pair of small horns on your head. [potion of mutation]
   471 | D        | Gained mutation: You are robust. (+10% HP) [potion of mutation]
   510 | D        | Lost mutation: You are robust. (+10% HP) [potion of mutation]
   510 | D        | Lost mutation: You have a pair of small horns on your head. [potion of mutation]
   510 | D        | Gained mutation: You have a pair of small horns on your head. [potion of mutation]
   510 | D        | Gained mutation: Your body sometimes deteriorates upon taking damage. [potion of mutation]
   510 | D        | Gained mutation: You are frail. (-10% HP) [potion of mutation]
   510 | D        | Gained mutation: You are resistant to electric shocks. (rElec) [potion of mutation]
   511 | D        | Lost mutation: Your body sometimes deteriorates upon taking damage. [potion of mutation]
   511 | D        | Lost mutation: You have a pair of small horns on your head. [potion of mutation]
   511 | D        | Gained mutation: You have a pair of small antennae on your head. [potion of mutation]
   511 | D        | Gained mutation: You have supernaturally acute eyesight. (SInv) [potion of mutation]
   511 | D        | Gained mutation: You are dopey. (Int -2) [potion of mutation]
   511 | D        | Gained mutation: You can translocate small distances at will. [potion of mutation]
   512 | D        | Lost mutation: You are dopey. (Int -2) [potion of mutation]
   512 | D        | Lost mutation: You can translocate small distances at will. [potion of mutation]
   512 | D        | Gained mutation: You have sharp toenails. [potion of mutation]
   512 | D        | Gained mutation: You are agile. (Dex +2) [potion of mutation]
   560 | D        | Noticed a water elemental
   564 | D        | Killed a water elemental
   564 | D        | Reached skill level 8 in Long Blades
   700 | D        | Found a hide-covered altar of Uskayaw.
   700 | D        | Found a roughly hewn altar of Beogh.
   700 | D        | Found an iron altar of Okawaru.
   700 | D        | Found a bloodstained altar of Trog.
   700 | D        | Found an ornate altar of the Wu Jian Council.
   700 | D        | Noticed a human
   700 | D        | Noticed a human
   706 | D        | Found a basalt altar of Yredelemnul.
   706 | D        | Found a shadowy altar of Dithmenos.
   706 | D        | Found a sacrificial altar of Ru.
   706 | D        | Noticed a necrophage
   709 | D        | Reached XP level 5. HP: 36/36 MP: 5/5
   717 | D        | Killed a necrophage
   717 | D        | Reached skill level 10 in Long Blades
   750 | D        | Killed a human
   750 | D        | Reached skill level 11 in Long Blades
   750 | D        | Reached XP level 6. HP: 17/43 MP: 6/6
   760 | D        | Killed a human
   760 | D        | Reached skill level 12 in Long Blades
   760 | D        | Your scales start taking on a fiery red colour.
   760 | D        | Reached XP level 7. HP: 20/49 MP: 7/7
   760 | D        | Gained mutation: Your flesh is heat resistant. (rF+) [Red Draconian growth]
   940 | D        | Found a radiant altar of Vehumet.
   941 | D        | Found a deep blue altar of Sif Muna.
   941 | D        | Found an ancient bone altar of Kikubaaqudgha.
  1013 | D        | Found a glowing silver altar of Zin.
  1013 | D        | Found a glowing golden altar of the Shining One.
  1013 | D        | Found a white marble altar of Elyvilon.
  1014 | D        | Noticed a deep elf mage
  1019 | D        | Killed a deep elf mage
  1019 | D        | Reached skill level 13 in Long Blades
  1055 | D        | Noticed a shadow
  1057 | D        | Killed a shadow
  1057 | D        | Reached skill level 14 in Long Blades
  1057 | D        | Reached XP level 8. HP: 54/54 MP: 8/8
  1062 | D        | Reached skill level 10 in Dodging
  1068 | D        | Found a blossoming altar of Fedhas.
  1068 | D        | Found a stormy altar of Qazlal.
  1068 | D        | Found a snail-covered altar of Cheibriados.
  1068 | D        | Found a burning altar of Makhleb.
  1068 | D        | Found a shimmering altar of Xom.
  1081 | D        | Found a hazy altar of Hepliaklqana.
  1081 | D        | Found an opulent altar of Gozag.
  1081 | D        | Found a sparkling altar of Nemelex Xobeh.
  1081 | D        | Found a corrupted altar of Lugonu.
  1081 | D        | Found a viscous altar of Jiyva.
  1243 | D        | Became a worshipper of the Shining One
  1283 | D        | Found Jogutoa's Distillery.
  1284 | D        | Noticed an orc sorcerer
  1284 | D        | Noticed an orc high priest
  1288 | D        | Noticed an orange demon
  1291 | D        | Reached * piety under the Shining One
  1297 | D        | Noticed an orc knight
  1298 | D        | Killed an orc sorcerer
  1298 | D        | Reached skill level 15 in Long Blades
  1333 | D        | Noticed a soul eater
  1335 | D        | Killed from afar by an orc high priest

Vault maps used:
D:        dungeon_sprint_mu

Skill      XL: |  1  2  3  4  5  6  7  8 |
---------------+-------------------------+-----
Throwing       | 2 |  2.4
Dodging        | 4 5 6 7 8 9 10 | 10.7
Long Blades    | 5 7 8 11 12 14 15 | 15.2
Fighting       | |  2.1

Action                   |  1- 3 |  4- 6 |  7- 9 || total
-------------------------+-------+-------+-------++-------
Melee: Long sword        |    33 |    37 |    39 ||   109
       Tailslap          |     8 |     8 |     6 ||    22
       Kick              |       |    12 |    15 ||    27
Throw: Throwing net      |     3 |       |       ||     3
 Abil: Breathe Fire      |       |       |     4 ||     4
  Use: Potion            |       |     6 |     1 ||     7
       Scroll            |       |     2 |       ||     2
 Stab: Sleeping          |     1 |       |     1 ||     2
  Eat: Ration            |       |       |     1 ||     1
Armor: Skin              |     3 |     1 |     3 ||     7
Dodge: Dodged            |    15 |    25 |    18 ||    58
       Rpst.: Long sword |     5 |    13 |     5 ||    23

Table legend:
 A = Spawn XP
 B = Non-spawn XP
 C = Spawn XP percentage of total XP
 D = Spawn monster count
 E = Non-spawn monster count
 F = Spawn count percentage of total count
 G = Total turns spent on level
                    A         B        C        D         E        F      G
               +---------+---------+-------+---------+---------+-------+---------
         Total |       0 |    2290 |   0.0 |       0 |      19 |   0.0 |  1335
               +---------+---------+-------+---------+---------+-------+---------
             D |       0 |    2290 |   0.0 |       0 |      19 |   0.0 |  1335
               +---------+---------+-------+---------+---------+-------+---------
